 Dungeon Crawl Stone Soup version 0.27.1-34-g3ba077fa99 (webtiles) character file.

Game seed: 13594788309010085033

2994 multipassport the Nimble (level 9, -9/72 HPs)
             Began as a Merfolk Gladiator on Jan 15, 2022.
             Mangled by Duvessa (17 damage)
             ... on level 6 of the Dungeon on Jan 16, 2022.
             The game lasted 00:30:49 (8676 turns).

multipassport the Nimble (Merfolk Gladiator)        Turns: 8676, Time: 00:30:49

Health: -9/72      AC:  3    Str: 17    XL:     9   Next: 83%
Magic:  6/6        EV: 17    Int:  7    God:
Gold:   383        SH:  0    Dex: 16    Spells: 8/8 levels left

rFire    . . .     SeeInvis .   h - +7 rapier of the Lonely Friars {antimagic, rC++ Will- rCorr}
rCold    + + +     Faith    +   (no shield)
rNeg     + + .     Spirit   .   (no armour)
rPois    .         Reflect  .   c - +1 helmet
rElec    .         Harm     .   (no cloak)
rCorr    +         Rampage  .   v - +0 pair of gloves
Will     .....                  (no boots)
Stlth    ++++......             l - amulet "Biug" {Faith rC+ rN++ Stlth+}
HPRegen  0.22/turn              m - ring of the Firefly {Will+ MP+9 Stlth+}
MPRegen  0.10/turn              n - +4 ring of slaying

@: no status effects
A: (nimble swimmer 2), mertail
a: no special abilities


You were on level 6 of the Dungeon.
You visited 1 branch of the dungeon, and saw 6 of its levels.

You collected 383 gold pieces.

Inventory:

Hand Weapons
 h - the +7 rapier of the Lonely Friars (weapon) {antimagic, rC++ Will- rCorr}
   (You acquired it on level 4 of the Dungeon)

   It reduces the magical energy of the wielder, and disrupts the spells and
   magical abilities of those it strikes.
   Natural abilities and divine invocations are not affected.
   rC:        It greatly protects you from cold.
   rCorr:     It protects you from acid and corrosion.
   Will:      It decreases your willpower.
Missiles
 d - 3 throwing nets (quivered)
Armour
 a - a +0 chain mail of cold resistance
 c - a +1 helmet (worn)
 v - a +0 pair of gloves (worn)
Jewellery
 e - a +6 ring of intelligence
 g - a +6 ring of intelligence
 l - the amulet "Biug" (around neck) {Faith rC+ rN++ Stlth+}
   (You acquired it on level 4 of the Dungeon)

   [amulet of faith]

   It allows you to gain divine favour quickly.
   rC:        It protects you from cold.
   rN:        It greatly protects you from negative energy.
   Stlth:     It makes you more stealthy.
 m - the ring of the Firefly (left hand) {Will+ MP+9 Stlth+}
   (You acquired it on level 4 of the Dungeon)

   [ring of willpower]

   MP:        It affects your magic capacity (+9).
   Will:      It increases your willpower.
   Stlth:     It makes you more stealthy.
 n - a +4 ring of slaying (right hand)
 p - a +4 ring of protection
 s - a ring of magical power
 x - a ring of positive energy
Wands
 u - a wand of flame (16)
 w - a wand of acid (10)
Scrolls
 b - a scroll of identify
 k - a scroll of immolation
 o - 2 scrolls of teleportation
 q - 2 scrolls of noise
 y - a scroll of vulnerability {unknown}
Potions
 f - a potion of magic
 j - 2 potions of lignification
 r - a potion of berserk rage
 t - 2 potions of resistance
 z - a potion of cancellation {unknown}


   Skills:
 + Level 7.4 Fighting
 + Level 7.1 Short Blades
 - Level 1.0(4.1) Long Blades
 - Level 3.0 Axes
 - Level 2.0 Throwing
 + Level 4.7 Armour
 + Level 9.4 Dodging
 + Level 3.1 Stealth


You had 8 spell levels left.
You didn't know any spells.
Your spell library contained the following spells:

 Spells                   Type           Power      Damage    Failure   Level
 Magic Dart               Conj           0%         1d3       43%         1
 Call Imp                 Summ           0%         N/A       56%         2
 Frozen Ramparts          Ice            0%         1d2       80%         3
 Mephitic Cloud           Conj/Pois/Air  0%         N/A       80%         3
 Ice Form                 Ice/Tmut       0%         N/A       99%         4
 Summon Ice Beast         Ice/Summ       0%         N/A       99%         4


Dungeon Overview and Level Annotations

Branches:
Dungeon (6/15)
 Temple: D:4-7

Altars:
Wu Jian

Shops:
D:4 !

Annotations:
D:6 Duvessa


Innate Abilities, Weirdness & Mutations

((You are quick and stealthy near water. (Stealth+, EV+, Speed+++)))
Your lower body shifts to a powerful aquatic tail in water.


Message History

Duvessa is heavily wounded.
Duvessa drinks a potion.
Duvessa is healed!
Duvessa closely misses you.
You hit Dowan.
Dowan's magic leaks into the air.
Dowan is moderately wounded.
Dowan falters for a moment.
Duvessa closely misses you.
You puncture Dowan!
Dowan's magic leaks into the air.
Dowan is severely wounded.
Duvessa hits you with a +0 short sword.
Dowan falters for a moment.
You closely miss Dowan.
Dowan is severely wounded.
Duvessa closely misses you.
Dowan's robes are whipped around by a magical breeze.
Dowan falters for a moment.
Duvessa hits you with a +0 short sword.
You barely miss Dowan.
Dowan is severely wounded.
Duvessa barely misses you. Dowan hits you with a +0 dagger.
You hit Dowan.
Dowan's magic leaks into the air.
Dowan is almost dead.
Duvessa barely misses you. Dowan completely misses you.
You barely miss Dowan.
Dowan is almost dead.
Duvessa hits you with a +0 short sword. x2; Dowan closely misses you.
You hit Dowan.
You kill Dowan!
Duvessa weeps, then rights herself and shakes her weapon.
Duvessa goes berserk!
Duvessa hits you with a +0 short sword.
You puncture Duvessa!
Duvessa is moderately wounded.
Duvessa hits you with a +0 short sword!
You puncture Duvessa!
Duvessa is heavily wounded.
Duvessa hits you with a +0 short sword!
* * * LOW HITPOINT WARNING * * *
Duvessa hits you with a +0 short sword!
* * * LOW HITPOINT WARNING * * *
You feel better. Duvessa hits you with a +0 short sword!
* * * LOW HITPOINT WARNING * * *
You feel better. Duvessa closely misses you.
Duvessa hits you with a +0 short sword!
You die...

#.........# #.#....# #.
#.#######.#
#.#.#########. #.....#.#
#..........##.
#.###.#'######.###....##.
#.#........###........##.
#.#.#......'....#......#.
#.#.#.>....####.##.....#.
#.#.#......# #........#.
#.#....)@..######......#.
#.#...#e#......(..#'##)#.
#........##########.##)##
##...<...# #.##.#
#.##.......# #.##)#
#.......#'## #.##.#
###########......# #.##.#
..........'.........
#.##.##
#.#########.........
#.##...


You could see Duvessa (berserk, fast).

Vanquished Creatures
  Prince Ribbit (D:6)
  Sigmund (D:3)
  2 steam dragons (D:6)
  3 water moccasins
  2 orc warriors (D:6)
  A black bear (D:4)
  A necrophage (D:5)
  A centaur (D:4)
  2 ogres
  A phantom (D:5)
  Blork the orc (D:6)
  4 kobold brigands (D:3)
  2 scorpions (D:6)
  A wyvern zombie (D:5)
  A water moccasin zombie (D:5)
  Dowan (D:6)
  A jelly (D:3)
  4 hounds
  Terence (D:3)
  3 iguanas
  Ijyb (D:3)
  Natasha (thrice) (D:3)
  An orc wizard (D:6)
  16 gnolls
  7 adders
  A shadow imp (D:6)
  2 ufetubi (D:4)
  A worm (D:4)
  A dart slug (D:1)
  12 orcs
  6 endoplasms
  4 giant cockroaches
  8 goblins
  18 hobgoblins
  40 kobolds
  2 quokkas (D:1)
  12 ball pythons
  6 bats
  4 frilled lizards
  4 rats
183 creatures vanquished.

Notes
Turn   | Place    | Note
-------+----------+-------------------------------------------
     0 | D:1      | multipassport the Merfolk Gladiator began the quest for the
                  | Orb.
     0 | D:1      | Reached XP level 1. HP: 16/16 MP: 1/1
   200 | D:1      | Reached XP level 2. HP: 20/23 MP: 2/2
   639 | D:1      | Reached XP level 3. HP: 25/28 MP: 3/3
  1430 | D:2      | Reached skill level 1 in Armour
  1504 | D:2      | Reached XP level 4. HP: 31/34 MP: 4/4
  2562 | D:3      | Noticed Terence
  2588 | D:3      | Killed Terence
  2589 | D:3      | Reached skill level 5 in Dodging
  2589 | D:3      | Reached XP level 5. HP: 35/41 MP: 5/5
  2642 | D:3      | Noticed Ijyb
  2649 | D:3      | Paralysed by Ijyb for 3 turns
  2672 | D:3      | Killed Ijyb
  2673 | D:3      | Reached skill level 1 in Long Blades
  2748 | D:3      | Noticed Natasha
  2764 | D:3      | Killed Natasha
  2912 | D:3      | Noticed Natasha
  2925 | D:3      | Killed Natasha
  2926 | D:3      | Reached skill level 1 in Short Blades
  2945 | D:3      | Noticed Natasha
  2963 | D:3      | Killed Natasha
  2964 | D:3      | Reached XP level 6. HP: 37/48 MP: 6/6
  3161 | D:3      | Noticed a water moccasin
  3176 | D:3      | Killed a water moccasin
  3448 | D:3      | Reached skill level 6 in Dodging
  3460 | D:3      | Reached XP level 7. HP: 54/54 MP: 7/7
  3606 | D:3      | Noticed Sigmund
  3650 | D:3      | Killed Sigmund
  4490 | D:3      | Reached skill level 5 in Fighting
  4643 | D:3      | Reached skill level 7 in Dodging
  4643 | D:3      | Reached XP level 8. HP: 48/62 MP: 8/8
  5593 | D:4      | Found Cism's Distillery.
  5926 | D:4      | Identified 3 scrolls of acquirement
  5926 | D:4      | Acquired the +7 rapier of the Lonely Friars {antimagic,
                  | rC++ Will- rCorr}
  5941 | D:4      | Acquired the ring of the Firefly {Will+ MP+9 Stlth+}
  5943 | D:4      | Acquired the amulet "Biug" {Faith rC+ rN++ Stlth+}
  6034 | D:4      | Reached skill level 5 in Short Blades
  6292 | D:5      | Entered Level 5 of the Dungeon
  6809 | D:5      | Reached skill level 8 in Dodging
  6936 | D:5      | Found an ornate altar of the Wu Jian Council.
  7056 | D:5      | Reached XP level 9. HP: 66/70 MP: 6/9
  7619 | D:6      | Noticed Duvessa
  7619 | D:6      | Noticed Dowan
  7780 | D:6      | Noticed Blork the orc
  7794 | D:6      | Killed Blork the orc
  7795 | D:6      | Reached skill level 1 in Stealth
  7884 | D:6      | Noticed Prince Ribbit
  7969 | D:6      | Killed Prince Ribbit
  7970 | D:6      | Reached skill level 9 in Dodging
  8672 | D:6      | Killed Dowan
  8674 | D:6      | HP: 2/72 [Duvessa (11)]
  8676 | D:6      | Mangled by Duvessa

Illustrated notes

Levels and vault maps discovered:
D:1:      dpeg_arrival_morbid_curiosity, layout_loops_ring, minmay_heptomino_o4
D:2:      layout_basic
D:3:      minmay_goblin_kobold_castle, layout_basic, uniq_natasha, uniq_ijyb,
          uniq_sigmund, uniq_terence
D:4:      layout_loops_ring, serial_shops, shop
D:5:      layout_loops_cross, mainiacjoe_overflow_cross_hatched,
          minmay_misc_feat_roman
D:6:      cheibrodos_steamvent, layout_basic, uniq_duvessa, uniq_prince_ribbit1,
          uniq_blork_the_orc

Skill      XL: |  1  2  3  4  5  6  7  8  9 |
---------------+----------------------------+-----
Armour         | 1 2 3 4 |  4.7
Fighting       | 3 4 5 6 7 |  7.4
Axes           | 3 |  3.0
Dodging        | 5 6 7 8 9 |  9.4
Long Blades    | 1 |  1.0
Short Blades   | 1 2 4 5 7 |  7.1
Stealth        | 3 |  3.1
Throwing       | |  2.0

Action                   |  1- 3 |  4- 6 |  7- 9 || total
-------------------------+-------+-------+-------++-------
Melee: War axe           |    97 |    55 |       ||   152
       Long sword        |       |    52 |       ||    52
       Dagger            |       |    93 |   381 ||   474
       Tailslap          |       |    10 |    11 ||    21
       Rapier            |       |       |   132 ||   132
Throw: Throwing net      |       |       |     2 ||     2
  Use: Potion            |       |     2 |     6 ||     8
       Scroll            |       |       |    12 ||    12
 Stab: Sleeping          |     1 |       |    10 ||    11
Armor: Leather armour    |    31 |    32 |       ||    63
       Chain mail        |       |    55 |   152 ||   207
       Skin              |       |       |    10 ||    10
Dodge: Dodged            |    88 |    91 |   181 ||   360
       Rpst.: Long sword |       |     6 |       ||     6
